 Dungeon Crawl Stone Soup version 0.31-a0-1042-ga9834b393d (webtiles) character file.

Game seed: 4700054864171453400

1568 Maratek the Ruffian (level 8, 0/80 HPs)
             Began as a Troll Fighter on Nov 20, 2023.
             Was a Follower of Qazlal.
             Slain by an ufetubus (2 damage)
             ... on level 6 of the Dungeon.
             The game lasted 00:06:23 (4268 turns).

Maratek the Ruffian (Troll Fighter)                 Turns: 4268, Time: 00:06:24

Health: 0/80       AC:  4    Str: 27    XL:     8   Next: 59%
Magic:  7/7        EV: 10    Int:  4    God:    Qazlal [*.....]
Gold:   317        SH: 17    Dex:  9    Spells: 7/7 levels left

rFire   . .          .
                       - Unarmed
rCold   . . .        b - +2 kite shield
rNeg    . . .        a - +0 robe
rPois   .            (helmet restricted)
rElec   .            (no cloak)
rCorr   +            (gloves unavailable)
SInv    .            (boots unavailable)
Will    .....        k - amulet of reflection
Stlth   +            o - ring of resist corrosion
HPRegen 1.13/turn    (no ring)
MPRegen 0.10/turn

%: reflection
@: no status effects
A: large, unfitting armour, claws 3, regeneration 1, shaggy fur 1, tough skin 1
a: Renounce Religion


You were on level 6 of the Dungeon.
You worshipped Qazlal.
Qazlal was aware of your devotion.
You visited 2 branches of the dungeon, and saw 7 of its levels.

You collected 317 gold pieces.

Inventory:

Missiles
 f - a throwing net
Armour
 a - a +0 robe (worn)
 b - a +2 kite shield (worn)
Jewellery
 k - an amulet of reflection (around neck)
 o - a ring of resist corrosion (left claw)
Wands
 h - a wand of flame (21)
Scrolls
 c - a scroll of vulnerability
 d - 3 scrolls of noise
 g - 2 scrolls of fear
 m - 3 scrolls of teleportation
 p - a scroll of brand weapon
Potions
 e - a potion of enlightenment
 j - a potion of lignification {unknown}
 l - a potion of invisibility {unknown}
 n - a potion of curing {unknown}


   Skills:
 + Level 5.1 Fighting
 + Level 5.1 Dodging
 + Level 5.6 Shields
 + Level 5.7 Unarmed Combat


You had 7 spell levels left.
You didn't know any spells.
Your spell library contained the following spells:

 Spells                   Type           Power      Damage    Failure   Level
 Poisonous Vapours        Pois/Air       0%         N/A       85%         2
 Mephitic Cloud           Conj/Pois/Air  0%         N/A       97%         3
 Freezing Cloud           Conj/Ice/Air   0%         6-21      100%        5


Dungeon Overview and Level Annotations

Branches:
Dungeon (6/15)             Temple (1/1) D:4

Altars:
Ashenzari
Dithmenos
Elyvilon
Gozag
Hepliaklqana
Kikubaaqudgha
Nemelex Xobeh
Qazlal
Ru
Sif Muna
Trog
Uskayaw
Yredelemnul
Zin
The Shining One

Annotations:
D:6 1 transporter


Innate Abilities, Weirdness & Mutations

You are too large for most types of armour.
You have claws for hands.
Your natural rate of healing is unusually fast.
You are covered in fur. (AC +1)
You have tough skin. (AC +1)


Message History

* * * LOW HITPOINT WARNING * * *
You feel much better. The ufetubus hits you. You block the ufetubus's attack.
You block the lemure's attack. x2; The lemure hits you but does no damage.
Pikel hits you with a +2 whip of electrocution!
* * * LOW HITPOINT WARNING * * *
The ufetubus hits you.
* * * LOW HITPOINT WARNING * * *
The ufetubus hits you but does no damage.
You scratch Pikel.
Pikel is moderately wounded.
You block the ufetubus's attack. x2; The lemure hits you.
* * * LOW HITPOINT WARNING * * *
The lemure hits you!
* * * LOW HITPOINT WARNING * * *
The lemure hits you.
* * * LOW HITPOINT WARNING * * *
Pikel barely misses you.
You scratch Pikel.
Pikel is heavily wounded.
You block the ufetubus's attack. x2; The lemure hits you but does no damage.
The lemure hits you.
* * * LOW HITPOINT WARNING * * *
The lemure barely misses you. You block Pikel's attack.
The ufetubus barely misses you. The ufetubus hits you.
* * * LOW HITPOINT WARNING * * *
You scratch Pikel.
Pikel is heavily wounded.
The ufetubus closely misses you. The ufetubus barely misses you.
You block the lemure's attack. x2; The lemure hits you.
* * * LOW HITPOINT WARNING * * *
Pikel is engulfed in a thunderstorm.
You kill Pikel!
Qazlal accepts your kill.
With Pikel's spell broken, his former minions thank you for their freedom.
The lemure departs this earthly plane. x3
Your Fighting skill increases to level 5!
Your Dodging skill increases to level 5!
You miss the ufetubus. You block the ufetubus's attack. x2
The ufetubus hits you.
You die...

#.## #. #.## #. ##.#. #.
#.... ### ##.####
####.... ....#.....##
#.......
...........######.#.....
......§○§...............
...!..§@5...............
.......§................
......§..............###
............##......####
............#.....##....
....#.......#.#.#######.
#########.......####_##.
#....#.##..#'##.
#.........##.##.


You could see an ufetubus.

Vanquished Creatures
  Pikel (D:6)
  A water moccasin (D:5)
  4 black bears
  A lemure (D:6)
  A scorpion (D:5)
  A hound (D:6)
  A jelly (D:5)
  Ijyb (D:3)
  2 iguanas
  4 orc wizards
  Natasha (twice) (D:2)
  3 gnolls (D:5)
  9 adders
  2 shadow imps (D:6)
  A white imp (D:6)
  3 ufetubi (D:6)
  3 worms
  3 dart slugs
  21 orcs
  7 bats
  7 endoplasms
  4 giant cockroaches
  8 goblins
  12 hobgoblins
  11 jackals
  3 quokkas
  7 ball pythons
  3 frilled lizards (D:1)
  9 kobolds
  5 rats
  A spectral orc (D:5)
141 creatures vanquished.

Notes
Turn   | Place    | Note
-------+----------+-------------------------------------------
     0 | D:1      | Maratek the Troll Fighter began the quest for the Orb.
     0 | D:1      | Reached XP level 1. HP: 22/22 MP: 0/0
   174 | D:1      | Reached XP level 2. HP: 29/29 MP: 1/1
   378 | D:1      | Reached XP level 3. HP: 36/36 MP: 2/2
  1067 | D:2      | Noticed Natasha
  1074 | D:2      | Killed Natasha
  1075 | D:2      | Reached XP level 4. HP: 41/44 MP: 3/3
  1333 | D:2      | Noticed Natasha
  1339 | D:2      | Killed Natasha
  1516 | D:3      | Noticed a black bear
  1518 | D:3      | Found a shadowy altar of Dithmenos.
  1529 | D:3      | Killed a black bear
  1530 | D:3      | Reached XP level 5. HP: 46/53 MP: 4/4
  1697 | D:3      | Noticed Ijyb
  1708 | D:3      | Killed Ijyb
  1941 | D:3      | Reached XP level 6. HP: 61/61 MP: 5/5
  2182 | D:3      | Found an opulent altar of Gozag.
  2623 | D:4      | Found a staircase to the Ecumenical Temple.
  2794 | Temple   | Entered the Ecumenical Temple
  2841 | Temple   | Became a worshipper of Qazlal Stormbringer
  3062 | D:5      | Entered Level 5 of the Dungeon
  3146 | D:5      | Reached XP level 7. HP: 46/68 MP: 6/6
  3356 | D:5      | Found a basalt altar of Yredelemnul.
  4020 | D:6      | Found a sacrificial altar of Ru.
  4027 | D:6      | Found a white marble altar of Elyvilon.
  4067 | D:6      | Found a transporter.
  4095 | D:6      | Reached * piety under Qazlal
  4096 | D:6      | Reached skill level 5 in Shields
  4115 | D:6      | Reached skill level 5 in Unarmed Combat
  4115 | D:6      | Reached XP level 8. HP: 72/79 MP: 7/7
  4250 | D:6      | Noticed Pikel
  4266 | D:6      | HP: 2/79 [lemure[Pikel] (5)]
  4267 | D:6      | Killed Pikel
  4268 | D:6      | Reached skill level 5 in Fighting
  4268 | D:6      | Reached skill level 5 in Dodging
  4268 | D:6      | Slain by an ufetubus

Illustrated notes

Levels and vault maps discovered:
D:1:      sevenhm_arrival_forest_fort_large_2, layout_rooms
D:2:      layout_loops_ring, uniq_natasha
D:3:      layout_loops_ring, general_overflow_altar,
          nicolae_dithmenos_shadow_blocks, minmay_liquid_box,
          grunt_ministairs_15, uniq_ijyb
D:4:      layout_cave_pools, minmay_temple_entry_trees,
          hangedman_decor_diamond_cutter
D:5:      layout_basic, yredelemnul_forgotten_temple_becter
D:6:      layout_rooms, nicolae_elyvilon_peaceful_grove, kennysheep_mini,
          nicolae_overflow_hidden_temple, gammafunk_ghost_gnarly_gnolls,
          minmay_ogre_servants, uniq_pikel
Temple:   nicolae_temple_bog_church

Skill      XL: |  1  2  3  4  5  6  7  8 |
---------------+-------------------------+-----
Shields        | 3 4 5 |  5.6
Fighting       | 3 4 5 |  5.1
Dodging        | 3 4 5 |  5.1
Unarmed Combat | 3 4 5 |  5.7

Action                     |  1- 3 |  4- 6 |  7- 9 || total
---------------------------+-------+-------+-------++-------
  Melee: Unarmed           |   112 |   202 |   120 ||   434
    Use: Scroll            |       |    12 |     2 ||    14
         Potion            |       |     1 |     2 ||     3
   Stab: Sleeping          |       |     1 |       ||     1
 Armour: Robe              |    44 |   122 |    93 ||   259
  Dodge: Dodged            |    33 |    85 |    48 ||   166
  Block: Kite shield       |    49 |   122 |   159 ||   330
         Reflection        |       |       |     2 ||     2

Table legend: (Time is in decaauts)
 A = Elapsed time spent in this place.
 B = Non-inter-level travel time spent in this place.
 C = Inter-level travel time spent in this place.
 D = Time resting spent in this place.
 E = Time spent auto-exploring this place.
 F = Levels seen in this place.
 G = Mean time per level.
                   A        B        C        D        E       F      G
               +--------+--------+--------+--------+--------+-----+--------+
         Total |   4286 |   3935 |    351 |    155 |   2919 |   7 |  612.3 |
       Dungeon |   4209 |   3931 |    278 |    155 |   2919 |   6 |  701.5 |
        Temple |     76 |      3 |     73 |      0 |      0 |   1 |   76.0 |
               +--------+--------+--------+--------+--------+-----+--------+

Top non-repeatable levels by time:
     D:5: 923 daAuts
     D:2: 844 daAuts
     D:3: 843 daAuts
     D:1: 672 daAuts
     D:4: 642 daAuts
     D:6: 283 daAuts
  Temple: 76 daAuts
